 Dungeon Crawl Stone Soup version 0.20.0-15-g7f486f2 (webtiles) character file.

278 vishdafish the Chopper (level 6, -9/56 HPs)
             Began as a Naga Fighter on June 20, 2017.
             Mangled by an ogre
             ... wielding a +0 giant spiked club
              (18 damage)
             ... on level 4 of the Dungeon.
             The game lasted 00:06:56 (2929 turns).

vishdafish the Chopper (Naga Fighter)               Turns: 2929, Time: 00:06:57

Health: -9/56      AC:  5    Str: 20    XL:     6   Next: 26%
Magic:  6/6        EV:  6    Int:  8    God:
Gold:   215        SH:  9    Dex: 11    Spells: 5/5 levels left

rFire    . . .     SeeInvis +   e - +1 hand axe (vamp)
rCold    . . .     Gourm    .   c - +0 shield
rNeg     . . .     Faith    .   k - +0 ring mail (curse)
rPois    +         Spirit   .   (no helmet)
rElec    .         Reflect  .   (no cloak)
rCorr    .         Harm     .   (no gloves)
MR       .....                  (no barding)
Stlth    +.........             (no amulet)
Regen    0.2/turn               (no ring)
MPRegen  0.1/turn               (no ring)

@: very slow
A: see invisible, deformed body, poison resistance, slowness 2, slow metabolism
1, spit poison 1, AC +2
a: Spit Poison


You were on level 4 of the Dungeon.
You were not hungry.

You visited 1 branch of the dungeon, and saw 4 of its levels.

You collected 215 gold pieces.

Inventory:

Hand Weapons
 a - a +0 war axe
 e - a +1 vampiric hand axe (weapon)
Armour
 b - a +0 scale mail
 c - a +0 shield (worn)
 k - a cursed +0 ring mail (worn)
Scrolls
 h - 2 scrolls of enchant armour {unknown}
 l - a scroll of immolation {unknown}
 m - 4 scrolls of remove curse {unknown}
 n - 2 scrolls of fear {unknown}
 q - a scroll of amnesia {unknown}
 s - a scroll of enchant weapon {unknown}
 t - a scroll of recharging {unknown}
 u - a scroll of teleportation {unknown}
 w - 2 scrolls of identify {unknown}
Potions
 d - 2 potions of might
 f - a potion of berserk rage {unknown}
 i - 2 potions of curing
 o - a potion of mutation {unknown}
 p - a potion of agility {unknown}
 v - a potion of resistance {unknown}
Comestibles
 g - 4 fruits
 j - 3 royal jellies
 r - a bread ration


   Skills:
 + Level 3.6 Fighting
 + Level 4.4 Axes
 + Level 3.4 Armour
 + Level 0.8 Dodging
 + Level 0.4 Stealth
 + Level 3.1 Shields


You had 5 spell levels left.
You didn't know any spells.

Dungeon Overview and Level Annotations

Branches:
Dungeon (4/15)
 Temple: D:4-7

Altars:
Dithmenos
Gozag
Qazlal
Vehumet

Shops:
D:4 (


Innate Abilities, Weirdness & Mutations

You cannot wear boots.
Your serpentine skin is tough. (AC +2)
You have supernaturally acute eyesight. (SInv)
Armour fits poorly on your strangely shaped body.
Your system is resistant to poisons. (rPois)
You cover ground very slowly.
You have a slow metabolism.
You can spit poison.


Message History

You hit the orc.
The ogre hits you with a giant spiked club!!
You slash the ogre!
You feel better.
The ogre is heavily wounded.
You barely miss the orc. The orc hits you but does no damage.
You block the ogre's attack.
The orc priest calls down the wrath of Beogh upon you.
Beogh smites you!
You slash the ogre!
You feel better.
The ogre is almost dead.
You hit the orc.
You feel better.
You kill the orc!
You barely miss the orc priest.
The ogre hits you with a giant spiked club!!
* * * LOW HITPOINT WARNING * * *
You hit the ogre but do no damage.
The ogre is almost dead.
You hit the orc priest.
You feel better. You block the orc priest's attack.
The ogre hits you with a giant spiked club!!
You die...

...#......####..#
P...# ...##.##..#
#..+ ....#
..........# +..#
..
...##.##..####..#
...##.##........+
...#..##...P....##
...#..##..####...#
...#).....# #...+
((.รท).#...# +.o@#
..###.##..#
##oO####... ###
#.##..# #.o.......
# #.##..#
+......... #.##..#
#..####... #.##..#
#..# .. #.##..#
...+ #.##..# #P..#
#.##..# #....


You could see an ogre, 2 orc priests and an orc wizard (invisible).

Vanquished Creatures
  A scorpion (D:3)
  2 orc wizards (D:4)
  5 gnolls
  4 adders
  An ooze (D:1)
  2 worms (D:3)
  3 dart slugs
  7 orcs
  7 bats
  6 giant cockroaches
  7 goblins
  10 hobgoblins
  3 kobolds
  7 frilled lizards
  A quokka skeleton (D:4)
  8 rats
74 creatures vanquished.

Notes
Turn   | Place    | Note
-------+----------+-------------------------------------------
     0 | D:1      | vishdafish the Naga Fighter began the quest for the Orb.
     0 | D:1      | Reached XP level 1. HP: 21/21 MP: 1/1
   223 | D:1      | Reached XP level 2. HP: 20/28 MP: 2/2
   545 | D:1      | Reached XP level 3. HP: 21/34 MP: 3/3
   658 | D:1      | Reached skill level 3 in Axes
  1167 | D:2      | Found a radiant altar of Vehumet.
  1174 | D:2      | Reached XP level 4. HP: 41/42 MP: 4/4
  1286 | D:2      | Found a shadowy altar of Dithmenos.
  1623 | D:3      | Reached XP level 5. HP: 18/49 MP: 5/5
  2023 | D:3      | Found a stormy altar of Qazlal.
  2023 | D:3      | Found an opulent altar of Gozag.
  2135 | D:3      | Reached skill level 4 in Axes
  2151 | D:3      | Found a faded altar of an unknown god.
  2677 | D:4      | Found Minwitoirph's Antique Weapon Shop.
  2702 | D:4      | Reached XP level 6. HP: 56/56 MP: 6/6
  2929 | D:4      | Mangled by an ogre

Skill      XL: |  1  2  3  4  5 |
---------------+----------------+-----
Axes           | 3 4 |  4.4
Armour         | 3 |  3.4
Shields        | 3 |  3.1
Fighting       | |  3.6
Dodging        | |  0.8
Stealth        | |  0.4

Action                   |  1- 3 |  4- 6 || total
-------------------------+-------+-------++-------
Melee: War axe           |    15 |       ||    15
       Hand axe          |    84 |   173 ||   257
 Abil: Spit Poison       |     4 |     2 ||     6
  Use: Potion            |       |     1 ||     1
  Eat: Bread ration      |     1 |       ||     1
       Meat ration       |       |     1 ||     1
       Chunk             |       |     1 ||     1
Armor: Scale mail        |    31 |    14 ||    45
       Ring mail         |       |    52 ||    52
Dodge: Dodged            |    28 |    50 ||    78
Block: Shield            |    51 |    91 ||   142
